 Dungeon Crawl Stone Soup version 0.31.0-32-g396128a36d (webtiles) character file.

Game seed: 6096589822319159696

5 tizbic2 the Sneak (level 1, 0/14 HPs)
             Began as a Gargoyle Wanderer on Apr 13, 2024.
             Slain by a hobgoblin (2 damage)
             ... on level 1 of the Dungeon.
             The game lasted 00:00:54 (108 turns).

tizbic2 the Sneak (Gargoyle Wanderer)                Turns: 108, Time: 00:00:55

Health: 0/14       AC:  5    Str: 12    XL:     1   Next: 80%
Magic:  3/3        EV: 10    Int: 10    God:
Gold:   0          SH:  0    Dex: 14    Spells: 3/4 levels left

rFire   . . .        a - +1 dagger
rCold   . . .        (no shield)
rNeg    + . .        e - +0 leather armour
rPois   ∞            (no helmet)
rElec   +            (no cloak)
rCorr   .            (no gloves)
SInv    .            (no boots)
Will    .....        (no amulet)
Stlth   ++           (no ring)
HPRegen 0.22/turn    (no ring)
MPRegen 0.08/turn

%: no passive effects
@: no status effects
A: sickness immunity, AC +2, negative energy resistance 1, electricity
resistance, torment resistance 1, petrification resistance
a: no special abilities


You were on level 1 of the Dungeon.
You visited 1 branch of the dungeon, and saw 1 of its levels.

Inventory:

Hand Weapons
 a - a +1 dagger (weapon)
Missiles
 c - a datura-tipped dart
Armour
 e - a +0 leather armour (worn)
Scrolls
 d - a scroll of fog
 f - a scroll of silence {unknown}


   Skills:
 + Level 3.3 Fighting
 * Level 0.4 Throwing
 + Level 4.4 Stealth
 + Level 2.0 Spellcasting
 + Level 1.0 Hexes


You had 3 spell levels left.
You knew the following spells:

 Your Spells              Type           Power      Damage    Failure   Level
a - Slow                  Hex            12%        N/A       26%         1

Your spell library contained the following spells:

 Spells                   Type           Power      Damage    Failure   Level
 Sigil of Binding         Hex            3%         N/A       58%         3


Dungeon Overview and Level Annotations

Branches:
Dungeon (1/15)

Altars:


Innate Abilities, Weirdness & Mutations

You are immune to sickness and miasma.
Your stone body is resilient. (AC +2)
You are immune to poison.
You resist negative energy. (rN+)
You are resistant to electric shocks. (rElec)
You are resistant to unholy torment.
You are immune to petrification.


Message History

The dart slug is heavily wounded.
The dart slug bites you but does no damage.
The hobgoblin hits you.
You hit the dart slug.
The dart slug is almost dead.
The dart slug barely misses you.
The hobgoblin hits you but does no damage.
You hit the dart slug but do no damage.
The dart slug is almost dead.
The hobgoblin hits you but does no damage.
The hobgoblin completely misses you.
You hit the dart slug.
You kill the dart slug!
The hobgoblin misses you. The hobgoblin closely misses you.
You hit the hobgoblin but do no damage.
The hobgoblin hits you but does no damage.
The hobgoblin closely misses you.
You hit the hobgoblin.
The hobgoblin is severely wounded.
The hobgoblin closely misses you. The hobgoblin barely misses you.
You closely miss the hobgoblin.
The hobgoblin is severely wounded.
The hobgoblin hits you. x2
You closely miss the hobgoblin. The hobgoblin barely misses you. x2
You closely miss the hobgoblin. The hobgoblin hits you.
The hobgoblin hits you but does no damage.
You closely miss the hobgoblin.
The hobgoblin is heavily wounded.
The hobgoblin hits you.
* * * LOW HITPOINT WARNING * * *
The hobgoblin hits you.
* * * LOW HITPOINT WARNING * * *
You hit the hobgoblin.
You kill the hobgoblin!
The hobgoblin hits you but does no damage.
You hit the hobgoblin but do no damage. The hobgoblin closely misses you.
You hit the hobgoblin but do no damage.
The hobgoblin hits you but does no damage.
You hit the hobgoblin but do no damage. The hobgoblin hits you.
You die...

#.......# #.......#
#.......#
.#####.......#
.............###
...............
.......g.....# #######
...(..†@.....# #.....#
.#####.......###.###.#
#.........#.#...#
#.........#.#...#
#.........#.#...#
#.........#.#...#
....#####...#.#...#
........>....'.#...#
.....###.#...###...#


You could see a hobgoblin.

Vanquished Creatures
  A dart slug (D:1)
  A hobgoblin (D:1)
  A ball python (D:1)
  A rat (D:1)
4 creatures vanquished.

Notes
Turn   | Place    | Note
-------+----------+-------------------------------------------
     0 | D:1      | tizbic2 the Gargoyle Wanderer began the quest for the Orb.
     0 | D:1      | tizbic2 set off with the following items: a +1 dagger, 2
                  | atropa-tipped darts, a datura-tipped dart, a scroll of fog,
                  | a +0 leather armour; and the following spell memorised:
                  | Slow; and the following spells available to memorise: Sigil
                  | of Binding.
     0 | D:1      | Reached XP level 1. HP: 14/14 MP: 3/3
   108 | D:1      | Slain by a hobgoblin

Illustrated notes

Levels and vault maps discovered:
D:1:      lightli_iron_boxes, layout_basic, minmay_stone_trees_small,
          corexii_item_surrounded_by_moat

Action                     || total
---------------------------++-------
  Melee: Dagger            ||    25
  Throw: Dart              ||     2
   Stab: Sleeping          ||     1
 Armour: Leather armour    ||    20
  Dodge: Dodged            ||    17
